Map: Invader LE

Players

MiNiMaTh - Winner!

  • Race: Zerg Zerg
  • League: Grandmaster

LiquidTLO (TLO)

  • Race: Zerg Zerg
  • League: Grandmaster

VOD

Have the link to the VOD?

Description

Time

  • Played on: July 3, 2016, 5:46 a.m.
  • Length: 2:53
Show
View Real Time Build Order
Export as new Build Order

MiNiMaTh Zerg - Winner!

Build Orders: Pool Only 

Get SALT Encoding   

  12  0:01  Drone  
  13  0:21  Extractor  
  12  0:24  Spawning Pool  
  12  0:28  Drone  
  12  0:32  Drone  
  13  0:39  Drone  
  14  0:50  Overlord  
  14  1:04  Extractor  
  13  1:11  Zergling x6  
  16  1:16  Queen  
  19  1:26  Metabolic Boost  
  19  1:31  Zergling x2  
  20  1:37  Zergling x2  
  21  1:47  Baneling Nest  
  21  1:49  Zergling x2  
  21  1:54  Zergling x2  
  22  2:06  Overlord  
  22  2:26  Zergling x6  
  22  2:27  Zergling x2  
  26  2:36  Baneling x2  
Show
View Real Time Build Order
Export as new Build Order

LiquidTLO Zerg 

Build Orders: 3 Hatch before Pool 

Get SALT Encoding   

  12  0:01  Drone  
  13  0:13  Overlord  
  13  0:17  Drone  
  14  0:32  Drone x2  
  16  0:37  Drone  
  17  0:52  Hatchery  
  17  0:55  Drone  
  17  1:01  Drone  
  18  1:19  Hatchery  
  17  1:27  Drone  
  18  1:33  Extractor  
  18  1:37  Spawning Pool  
  16  1:44  Drone x2  
  18  1:54  Overlord  
  18  1:58  Overlord  
  18  2:25  Zergling x2  
  18  2:26  Zergling x2  
  18  2:27  Zergling x6  
  18  2:29  Zergling x2  
Tags
 
Add a new tag
Caveats
  • Supply blocks, unpowered buildings, or Contaminate may cause inaccurate times.
  • Supply counts are checked every 10 seconds.